 Dungeon Crawl Stone Soup version 0.31-a0-188-g5e087ee2ca (webtiles) character file.

Game seed: 3429006268554069733

39 qw the Shooter (level 3, -1/20 HPs)
             Began as a Deep Elf Hunter on June 23, 2023.
             Slain by a bullfrog (5 damage)
             ... on level 4 of the Dungeon.
             The game lasted 00:00:33 (866 turns).

qw the Shooter (Deep Elf Hunter)                     Turns: 866, Time: 00:00:34

Health: -1/20      AC:  5    Str: 10    XL:     3   Next: 28%
Magic:  5/5        EV: 11    Int: 13    God:
Gold:   37         SH:  0    Dex: 18    Spells: 2/2 levels left

rFire   . . .        Y - +0 shortbow
rCold   . . .        (shield currently unavailable)
rNeg    . . .        e - +0 ring mail
rPois   .            (no helmet)
rElec   .            (no cloak)
rCorr   .            (no gloves)
SInv    +            (no boots)
Will    .....        (no amulet)
Stlth   +            i - ring of see invisible
HPRegen 0.23/turn    (no ring)
MPRegen 0.09/turn

%: no passive effects
@: no status effects
A: no striking features
a: no special abilities


You were on level 4 of the Dungeon.
You visited 1 branch of the dungeon, and saw 3 of its levels.

You collected 37 gold pieces.


   Skills:
 - Level 1.5 Fighting
 + Level 6.9 Ranged Weapons
 - Level 2.4 Dodging
 - Level 1.2 Stealth


You had 2 spell levels left.
You didn't know any spells.
Your spell library was empty.

Inventory:

Hand Weapons
 Y - a +0 shortbow (weapon)
Armour
 e - a +0 ring mail (worn)
Jewellery
 i - a ring of see invisible (left hand)
Scrolls
 f - a scroll of identify
Potions
 a - a potion of berserk rage {unknown}
 c - a potion of enlightenment {unknown}
 g - a potion of degeneration {unknown}
 h - a potion of attraction {unknown}
 j - a potion of curing
 k - a potion of heal wounds {unknown}

Dungeon Overview and Level Annotations

Branches:
Dungeon (4/15)             Temple (0/1) D:4

Altars:


Message History

Found 16 gold pieces.
a - a murky dark potion A bullfrog comes into view.
You shoot an arrow.
The arrow hits the bullfrog but does no damage.
You shoot an arrow.
The arrow hits the bullfrog but does no damage.
You shoot an arrow. The arrow barely misses the bullfrog.
The bullfrog swells and bulges.
The bullfrog completely misses you.
You shoot an arrow. The arrow closely misses the bullfrog.
The bullfrog hits you.
You shoot an arrow. The arrow hits the bullfrog.
The bullfrog is lightly wounded.
The bullfrog hits you. The bullfrog misses you.
You shoot an arrow. The arrow barely misses the bullfrog.
The bullfrog closely misses you.
The bullfrog hits you but does no damage.
You shoot an arrow.
The arrow completely misses the bullfrog.
The bullfrog hits you but does no damage. x2
You shoot an arrow. The arrow closely misses the bullfrog.
The bullfrog completely misses you.
The bullfrog hits you but does no damage.
You shoot an arrow. The arrow hits the bullfrog.
The bullfrog is moderately wounded.
The bullfrog hits you.
You shoot an arrow. The arrow hits the bullfrog.
The bullfrog is moderately wounded.
The bullfrog hits you. x2
You shoot an arrow. The arrow closely misses the bullfrog.
The bullfrog hits you. The bullfrog closely misses you.
You shoot an arrow. The arrow misses the bullfrog.
The bullfrog barely misses you. x2
You shoot an arrow. The arrow closely misses the bullfrog.
The bullfrog closely misses you.
You shoot an arrow. The arrow hits the bullfrog!
The bullfrog is severely wounded.
The bullfrog closely misses you. The bullfrog hits you.
You die...

,,,,,,,,,,,,,,**********
,,,,,,,,,,,,,,,,,,,,,,,*
,,,,,,,,,,,,,,,,,,,,,,,*
,*****,,,,,,,,,,,,,,,,,*
,******+*.,,,,,,,,,,,,,*
,,,,* *,,...,,,,,,,,,,,*
,,,,* *,,....###********
,,,,***,,.......###
,,,,,**,*......F@.#
,,,,,,*,*.....#.#.#
,,,,,,,,*...,,+.#.#
,,,,,,,,*.,,,,###.#
^,,,,**,,,**,,* #.#
,,,**,,,,,**,,* #.#
+****,,,,,,,,,* #.#
,,,,,,*,*,**,***#.#
,,,,,,,,*,,,,,,*#.#


You could see a bullfrog.

Vanquished Creatures
  2 dart slugs
  2 endoplasms (D:1)
  3 giant cockroaches (D:1)
  4 goblins
  2 hobgoblins (D:1)
  A quokka (D:1)
  6 ball pythons
  3 bats
  3 frilled lizards (D:1)
  5 kobolds (D:1)
  A rat (D:1)
32 creatures vanquished.

Notes
Turn   | Place    | Note
-------+----------+-------------------------------------------
     0 | D:1      | qw the Deep Elf Hunter began the quest for the Orb.
     0 | D:1      | Reached XP level 1. HP: 12/12 MP: 3/3
     0 | D:1      | 0 ||| qw: Version: 0.3-a-9-g12657ce
     0 | D:1      | 0 ||| qw: Game counter: 3982
     0 | D:1      | 0 ||| qw: Always use a shield: true
     0 | D:1      | 0 ||| qw: God list: Okawaru
     0 | D:1      | 0 ||| qw: Allow faded altars: false
     0 | D:1      | 0 ||| qw: Do Orc after D:15 true
     0 | D:1      | 0 ||| qw: Do second Lair branch before Depths: true
     0 | D:1      | 0 ||| qw: Lair rune preference: random
     0 | D:1      | 0 ||| qw: Plans: Normal
     0 | D:1      | 0 ||| PLANNING D:1-11
   171 | D:1      | Reached XP level 2. HP: 16/16 MP: 4/4
   173 | D:1      | Reached skill level 6 in Ranged Weapons
   202 | D:1      | Found a faded altar of an unknown god.
   376 | D:1      | Reached XP level 3. HP: 20/20 MP: 5/5
   623 | D:1      | 623 ||| UPGRADING to +0 ring mail.
   633 | D:1      | 633 ||| DROPPING +0 leather armour.
   634 | D:1      | 634 ||| UPGRADING to ring of see invisible.
   635 | D:1      | 635 ||| READING scroll labelled FIDIOB USONECKOAT.
   636 | D:1      | 636 ||| READING 2 scrolls labelled KEKIFE JATSOIXT.
   637 | D:1      | 637 ||| DRINKING 2 fizzy sapphire potions.
   638 | D:1      | 638 ||| DROPPING scroll of butterflies.
   739 | D:2      | 739 ||| FLEEEEING.
   740 | D:2      | 740 ||| FLEEEEING.
   788 | D:2      | You fall into a shaft and drop 2 floors!
   791 | D:4      | 791 ||| READING scroll labelled TUESSA KUSEAMM.
   792 | D:4      | 792 ||| READING scroll labelled CIMYDEACELU.
   793 | D:4      | 793 ||| PLANNING TEMPLE
   852 | D:4      | Noticed a bullfrog
   862 | D:4      | HP: 5/20 [bullfrog (5)]
   866 | D:4      | Slain by a bullfrog

Levels and vault maps discovered:
D:1:      dpeg_arrival_simpleton_c, layout_loops_cross,
          hellmonk_ecumenical_altar_lost_god
D:2:      layout_basic
D:4:      layout_basic, minmay_temple_entry_antechambers, gammafunk_ghost_grave,
          uniq_sigmund, uniq_duvessa

Skill      XL: |  1  2 |
---------------+-------+-----
Ranged Weapons | 6 |  6.9
Fighting       | |  1.5
Dodging        | |  2.4
Stealth        | |  1.2

Action                     || total
---------------------------++-------
   Fire: Shortbow          ||    90
    Use: Scroll            ||     4
         Potion            ||     1
 Armour: Ring mail         ||     6
  Dodge: Dodged            ||    22

Table legend:
 A = Non-vault XP
 B = Vault XP
 C = Vault XP percentage of total XP
 D = Non-vault monster count
 E = Vault monster count
 F = Vault count percentage of total count
                 A         B        C        D         E       F
            +---------+---------+-------+---------+---------+-------
      Total |      57 |       0 |   0.0 |      32 |       0 |   0.0
            +---------+---------+-------+---------+---------+-------
        D:1 |      45 |       0 |   0.0 |      27 |       0 |   0.0
        D:2 |      12 |       0 |   0.0 |       5 |       0 |   0.0
            +---------+---------+-------+---------+---------+-------
